 Dungeon Crawl Stone Soup version 0.26-a0-682-g294304f6e8 (webtiles) character file.

Game seed: 6437875577870530604

853 Decritt the Skirmisher (level 7, -3/64 HPs)
             Began as a Minotaur Fighter on Oct 20, 2020.
             Was a Follower of Okawaru.
             Hit by a silver boomerang thrown by an orc warrior (4 damage)
             ... on level 6 of the Dungeon.
             The game lasted 00:07:56 (3848 turns).

Decritt the Skirmisher (Minotaur Fighter)           Turns: 3848, Time: 00:07:57

Health: -3/64      AC: 14    Str: 22      XL:     7   Next: 70%
Magic:  6/6        EV:  5    Int:  5      God:    Okawaru [*.....]
Gold:   309        SH: 10    Dex:  9 (10) Spells: 6/6 levels left

rFire    + . .     SeeInvis .   a - +0 war axe
rCold    x . .     Faith    .   c - +0 kite shield
rNeg     . . .     Spirit   .   p - +0 plate armour
rPois    .         Reflect  .   (helmet restricted)
rElec    .         Harm     .   x - +0 cloak
rCorr    .         Rampage  .   (no gloves)
MR       .....                  v - +0 pair of boots
Stlth    ..........             (no amulet)
HPRegen  0.20/turn              s - ring of fire
MPRegen  0.10/turn              (no ring)

@: brilliant
A: retaliatory headbutt, horns 2, screaming 1, wild magic 1
a: Heroism, Renounce Religion


You were on level 6 of the Dungeon.
You worshipped Okawaru.
Okawaru was aware of your devotion.
You visited 1 branch of the dungeon, and saw 6 of its levels.

You collected 309 gold pieces.

Inventory:

Hand Weapons
 a - a +0 war axe (weapon)
Armour
 b - a +0 scale mail
 c - a +0 kite shield (worn)
 p - a +0 plate armour (worn)
 v - a +0 pair of boots (worn)
 x - a +0 cloak (worn)
Jewellery
 s - a ring of fire (left hand)
Wands
 m - a wand of enslavement (10)
Scrolls
 e - a scroll of teleportation {unknown}
 f - a scroll of enchant armour {unknown}
 i - 2 scrolls of remove curse
 j - a scroll of fear {unknown}
 l - 2 scrolls of amnesia {unknown}
 n - 3 scrolls of magic mapping
 o - a scroll of fog {unknown}
 u - a scroll of immolation {unknown}
 w - a scroll of enchant weapon {unknown}
Potions
 d - a potion of might
 g - a potion of stabbing {unknown}
 h - 2 potions of curing


   Skills:
 * Level 6.7 Fighting
 * Level 6.1 Axes
 + Level 5.3 Armour
 + Level 3.2 Dodging
 + Level 5.2 Shields


You had 6 spell levels left.
You didn't know any spells.
Your spell library was empty.

Dungeon Overview and Level Annotations

Branches:
Dungeon (6/15)
 Temple: D:4-7

Altars:
Dithmenos
Elyvilon
Hepliaklqana
Okawaru
Qazlal
Ru
Trog
Uskayaw


Innate Abilities, Weirdness & Mutations

You reflexively headbutt those who attack you in melee.
You have a pair of horns on your head.
You occasionally shout uncontrollably at your foes.
Your spells are a little harder to cast, but a little more powerful.


Message History

The orc wizard flickers and vanishes!
The orc warrior hits you from afar with a +0 glaive!
* * * LOW HITPOINT WARNING * * *
The orc priest hits you with a cursed -3 dagger.
* * * LOW HITPOINT WARNING * * *
The orc warrior throws a silver boomerang.
The silver boomerang hits you!
* * * LOW HITPOINT WARNING * * *
* * * LOW HITPOINT WARNING * * *
The weapon returns to the orc warrior!
It was a potion of brilliance.
You feel clever all of a sudden.
The orc warrior throws a silver boomerang.
You block the silver boomerang.
The weapon returns to the orc warrior!
It was a potion of mutation.
You feel extremely strange.
You feel the urge to shout.
You feel a little pissed off.
You feel a little more calm.
You feel less in control of your magic.
The orc warrior throws a silver boomerang.
The silver boomerang hits you.
You die...

#......##.#.≈≈≈.#.##.#####
#.#######.#.....#.##.# #o#
#.#...#.###.# #o#
##.#.#.## #.# #.# #..#.##
#.# #.###### #.#.## #.#
#.o.{o.# #.########.#
######o####.........
#....@....#####
###########


You could see an orc warrior.

Vanquished Creatures
  Grinder (D:3)
  A centaur (D:5)
  An ogre (D:5)
  A bullfrog (D:5)
  A quasit (D:5)
  2 orc wizards (D:5)
  A gnoll shaman (D:4)
  3 worker ants
  A hound zombie (D:5)
  Robin (D:3)
  4 gnolls (D:4)
  6 adders
  A white imp (D:5)
  2 dart slugs
  3 leopard geckos
  5 orcs
  12 giant cockroaches
  22 goblins
  10 hobgoblins
  8 jackals (D:1)
  5 kobolds
  3 quokkas
  2 ball pythons
  8 bats
  7 frilled lizards
  10 rats
121 creatures vanquished.

Notes
Turn   | Place    | Note
-------+----------+-------------------------------------------
     0 | D:1      | Decritt the Minotaur Fighter began the quest for the Orb.
     0 | D:1      | Reached XP level 1. HP: 19/19 MP: 0/0
   265 | D:1      | Reached XP level 2. HP: 26/27 MP: 1/1
   576 | D:1      | Reached XP level 3. HP: 26/33 MP: 2/2
  1192 | D:2      | Reached skill level 1 in Dodging
  1310 | D:2      | Found a white marble altar of Elyvilon.
  1409 | D:2      | Reached XP level 4. HP: 32/41 MP: 3/3
  1948 | D:3      | Noticed Robin
  1953 | D:3      | Noticed Grinder
  1963 | D:3      | Paralysed by Grinder for 6 turns
  1972 | D:3      | Killed Robin
  1972 | D:3      | Reached XP level 5. HP: 28/47 MP: 4/4
  1974 | D:3      | Killed Grinder
  1974 | D:3      | Reached skill level 5 in Fighting
  1974 | D:3      | Reached XP level 6. HP: 34/56 MP: 5/5
  2132 | D:3      | Found a stormy altar of Qazlal.
  2445 | D:4      | Found a hide-covered altar of Uskayaw.
  2445 | D:4      | Found a bloodstained altar of Trog.
  2645 | D:4      | Found a hazy altar of Hepliaklqana.
  2646 | D:4      | Found a shadowy altar of Dithmenos.
  2646 | D:4      | Noticed a shadow
  2712 | D:4      | Found an iron altar of Okawaru.
  2718 | D:4      | Reached skill level 5 in Axes
  2739 | D:4      | Became a worshipper of Warmaster Okawaru
  2879 | D:5      | Entered Level 5 of the Dungeon
  3092 | D:5      | Reached XP level 7. HP: 48/63 MP: 6/6
  3219 | D:5      | Reached skill level 5 in Armour
  3219 | D:5      | Reached skill level 5 in Shields
  3420 | D:5      | Reached * piety under Okawaru
  3735 | D:6      | Found a sacrificial altar of Ru.
  3846 | D:6      | HP: 1/64 [orc warrior/silver boomerang (3)]
  3848 | D:6      | Gained mutation: You occasionally shout uncontrollably at
                  | your foes. [potion of mutation]
  3848 | D:6      | Gained mutation: You tend to lose your temper in combat.
                  | [potion of mutation]
  3848 | D:6      | Lost mutation: You tend to lose your temper in combat.
                  | [potion of mutation]
  3848 | D:6      | Gained mutation: Your spells are a little harder to cast,
                  | but a little more powerful. [potion of mutation]
  3848 | D:6      | Hit by a silver boomerang thrown by an orc warrior

Illustrated notes

Levels and vault maps discovered:
D:1:      wheals_arrival_shading, layout_basic, hangedman_decor_points,
          minmay_indecisive_spiral
D:2:      layout_basic, elyvilon_altar_4
D:3:      layout_rooms, grunt_qazlal_clouds, uniq_robin, uniq_grinder
D:4:      layout_rooms, riverfiend_overflow_shadow_ancestor,
          okawaru_altar_gauntlet_db, gammafunk_temple_overflow_elements
D:5:      layout_basic
D:6:      layout_loops_cross, nicolae_ru_awakened_eye

Skill      XL: |  1  2  3  4  5  6  7 |
---------------+----------------------+-----
Fighting       | 4 5 6 |  6.7
Axes           | 3 4 5 6 |  6.1
Dodging        | 1 2 3 |  3.2
Shields        | 4 5 |  5.2
Armour         | 4 5 |  5.3

Action                   |  1- 3 |  4- 6 |  7- 9 || total
-------------------------+-------+-------+-------++-------
Melee: War axe           |   109 |   107 |    74 ||   290
       Headbutt          |    15 |    19 |    11 ||    45
  Use: Scroll            |       |     3 |     2 ||     5
       Potion            |       |       |     2 ||     2
Armor: Scale mail        |    48 |    16 |       ||    64
       Plate armour      |       |    79 |    71 ||   150
Dodge: Dodged            |    37 |    33 |    20 ||    90
Block: Kite shield       |    75 |    80 |    69 ||   224

Table legend: (Time is in decaauts)
 A = Elapsed time spent in this place.
 B = Non-inter-level travel time spent in this place.
 C = Inter-level travel time spent in this place.
 D = Time resting spent in this place.
 E = Time spent auto-exploring this place.
 F = Levels seen in this place.
 G = Mean time per level.
                   A        B        C        D        E       F      G
               +--------+--------+--------+--------+--------+-----+--------+
         Total |   3965 |   3804 |    161 |      0 |   3042 |   6 |  660.8 |
       Dungeon |   3965 |   3804 |    161 |      0 |   3042 |   6 |  660.8 |
               +--------+--------+--------+--------+--------+-----+--------+

Top non-repeatable levels by time:
     D:1: 1121 daAuts
     D:5: 879 daAuts
     D:2: 741 daAuts
     D:4: 607 daAuts
     D:3: 489 daAuts
     D:6: 126 daAuts
